Map: 2000 Atmospheres LE

Players

A.I. 2 (Elite)

  • Race: Protoss Protoss

A.I. 1 (Very Easy)

  • Race: Protoss Protoss

VOD

Have the link to the VOD?

Description

Time

  • Played on: July 12, 2021, 9:50 a.m.
  • Length: 8:20
Show
View Real Time Build Order
Export as new Build Order

A.I. 2 (Elite) Protoss 

Build Orders: Zealot Archon 

Get SALT Encoding   

  12  0:00  Probe  
  13  0:13  Probe  
  14  0:19  Pylon  
  14  0:25  Probe  
  15  0:34  Probe  
  15  0:42  Probe  
  16  0:47  Assimilator  
  17  0:50  Gateway  
  17  0:52  Probe  
  18  1:00  Pylon, Probe  
  19  1:08  Probe  
  19  1:18  Probe  
  21  1:38  Cybernetics Core, Gateway  
  21  1:39  Zealot, Probe  
  24  1:50  Pylon  
  24  1:51  Probe  
  25  1:57  Zealot  
  25  2:03  Assimilator  
  25  2:08  Probe  
  28  2:15  Warp Gate  
  28  2:20  Probe  
  29  2:23  Adept  
  29  2:25  Adept  
  33  2:35  Robotics Facility, Probe  
  34  2:50  Adept  
  34  2:53  Adept  
  34  2:57  Probe  
  39  2:58  Pylon  
  39  3:14  Adept  
  39  3:22  Immortal  
  39  3:23  Sentry  
  47  3:30  Pylon  
  47  3:47  Stalker x2  
  49  3:49  Pylon  
  51  4:04  Immortal  
  55  4:12  Pylon  
  55  4:20  Probe  
  55  4:22  Twilight Council  
  56  4:27  Adept  
  58  5:02  Templar Archives  
  58  5:11  Zealot  
  58  5:13  Gateway  
  60  5:18  Pylon  
  60  5:19  Nexus  
  60  5:39  High Templar  
  62  5:52  High Templar  
  64  6:02  Forge  
  64  6:05  Forge  
  64  6:06  Archon  
  64  6:07  Stalker  
  66  6:27  Probe  
  66  6:31  High Templar, Probe  
  70  6:35  Probe  
  71  6:40  Assimilator  
  71  6:42  Assimilator  
  71  6:43  Probe  
  71  6:45  Probe  
  73  6:55  Probe  
  73  6:57  Probe  
  73  7:00  High Templar  
  77  7:04  Nexus  
  77  7:07  Stalker, Probe  
  80  7:09  Probe  
  82  7:16  Observer  
  82  7:18  Probe  
  82  7:19  Probe  
  82  7:20  Archon  
  84  7:26  Pylon  
  84  7:29  Probe  
  84  7:30  High Templar  
  84  7:31  Probe  
  88  7:39  Probe  
  88  7:44  High Templar, Probe  
  92  7:46  Pylon  
  92  7:48  Stalker  
  94  7:51  Probe  
  94  7:53  Stalker  
  94  7:56  Probe  
  98  8:06  Archon  
  98  8:08  Pylon  
  98  8:12  High Templar  
  100  8:13  Pylon  
  100  8:16  Stalker  
Show
View Real Time Build Order
Export as new Build Order

A.I. 1 (Very Easy) Protoss 

Build Orders:  

Get SALT Encoding   

  12  0:01  Probe  
  13  0:13  Probe  
  14  0:19  Pylon  
  14  0:36  Assimilator  
  14  0:43  Gateway  
  14  0:46  Pylon  
  14  1:14  Assimilator  
  14  1:23  Probe  
  14  1:30  Zealot  
  14  1:31  Probe  
  17  1:33  Cybernetics Core  
  17  1:39  Probe  
  19  1:50  Probe  
  20  1:58  Warp Gate  
  20  1:59  Probe  
  20  2:07  Probe  
  22  2:38  Stalker  
  24  4:16  Probe  
  24  5:33  Probe  
  24  7:00  Probe  
  24  7:05  Adept  
  24  7:07  Pylon  
  24  7:08  Probe  
  27  7:10  Nexus, Robotics Facility  
  28  7:16  Probe  
  29  7:24  Probe  
  25  8:03  Stalker  
Tags
 
Add a new tag
Caveats
  • Supply blocks, unpowered buildings, or Contaminate may cause inaccurate times.
  • Supply counts are checked every 10 seconds.